Map: Nightscape LE

Players

Massa - Winner!

  • Race: Terran Terran
  • League: Platinum
  • Spawn Location: 1:00

qqq - Winner!

  • Race: Zerg Zerg
  • Spawn Location: 1:00

LilleSkutt

  • Race: Terran Terran
  • League: Diamond
  • Spawn Location: 7:00

Bamse

  • Race: Zerg Zerg
  • League: Platinum
  • Spawn Location: 7:00

VOD

Have the link to the VOD?

Description

Time

  • Played on: Oct. 30, 2020, 5:17 p.m.
  • Length: 19:05
Show
View Real Time Build Order
Export as new Build Order

Massa Terran - Winner!

Build Orders:  

Get SALT Encoding   

  12  0:16  SCV  
  13  0:28  SCV  
  14  0:32  Supply Depot  
  14  0:35  Refinery  
  14  0:40  SCV  
  15  0:53  SCV  
  16  1:02  Barracks  
  16  1:05  SCV  
  17  1:17  SCV, Barracks  
  18  1:34  Supply Depot  
  18  1:39  SCV  
  19  1:51  SCV  
  20  2:03  SCV  
  20  2:06  Reaper  
  22  2:13  Marine  
  23  2:21  Orbital Command  
  23  2:31  Marine  
  23  2:36  Bunker  
  24  2:38  Marine  
  25  2:45  Barracks, Factory  
  25  2:49  Marine  
  26  2:56  Marine  
  27  3:07  Marine  
  28  3:14  Marine  
  29  3:24  Marine  
  30  3:32  Marine  
  29  3:40  Command Center  
  30  3:50  Marine  
  30  3:51  Barracks Tech Lab  
  30  3:54  Barracks Reactor  
  30  3:57  Factory Tech Lab  
  30  4:02  Starport  
  30  4:04  Refinery, SCV  
  31  4:30  Supply Depot  
  31  4:31  Supply Depot  
  31  4:35  Barracks Reactor  
  31  4:51  SCV  
  31  4:52  Marauder  
  34  4:54  Command Center  
  34  4:55  Marine, Supply Depot  
  34  4:56  Marine  
  36  5:13  Marauder, Marine x2  
  33  5:37  Marauder, Marine  
  33  5:38  Marine  
  33  5:39  Stimpack  
  33  5:41  Liberator  
  40  5:45  Orbital Command  
  40  5:49  SCV  
  41  5:58  Widow Mine  
  41  5:59  Marauder  
  41  6:01  SCV, Engineering Bay  
  46  6:13  SCV x2  
  48  6:19  Widow Mine, Orbital Command  
  48  6:25  SCV x2, Medivac  
  54  6:37  SCV  
  55  6:42  Marauder, Marine x2  
  55  6:43  Marine  
  55  6:46  Missile Turret  
  60  6:55  Medivac  
  62  7:04  Marauder  
  64  7:18  Combat Shield  
  64  7:22  Marine x4  
  68  7:23  Siege Tank  
  68  7:25  SCV x3, Marauder  
  76  7:35  Terran Infantry Weapons Level 1  
  76  7:37  SCV x3  
  76  7:38  Missile Turret  
  76  7:39  Marine  
  76  7:40  Marine x2  
  82  7:46  Marauder  
  82  7:49  SCV  
  85  8:21  Marauder  
  80  8:41  Marine  
  80  8:42  Siege Tank  
  80  8:46  Orbital Command  
  84  8:50  SCV  
  85  9:00  Refinery  
  85  9:08  SCV  
  85  9:09  Marauder  
  85  9:30  Supply Depot  
  85  9:31  Supply Depot x3  
  85  9:32  Supply Depot  
  85  9:34  Supply Depot  
  85  9:35  Barracks x2  
  85  9:37  Starport Tech Lab, Supply Depot  
  85  9:38  Barracks x2  
  85  9:49  Missile Turret  
  85  9:52  SCV x3, Marauder, Siege Tank  
  93  9:56  Supply Depot  
  93  9:57  Supply Depot  
  93  9:59  Supply Depot  
  93  10:01  Supply Depot  
  93  10:04  SCV x3  
  93  10:05  Supply Depot  
  96  10:07  Refinery  
  96  10:09  Refinery, Missile Turret  
  96  10:10  Raven  
  96  10:14  Marauder  
  100  10:16  SCV x3  
  100  10:20  Starport  
  103  10:28  SCV x3  
  103  10:30  Missile Turret  
  103  10:35  Marauder  
  108  10:40  SCV x3  
  111  10:53  Raven  
  113  11:17  Refinery  
  113  11:19  Refinery  
  113  11:31  Starport Reactor  
  113  11:44  Command Center  
  113  11:47  Command Center  
  98  12:18  Marauder  
  98  12:19  Barracks Reactor, Barracks Tech Lab  
  98  12:20  Barracks Reactor, Barracks Tech Lab  
  98  12:21  Marine x4  
  104  12:29  Siege Tank  
  105  12:39  Marauder, Marine x4  
  111  12:47  Medivac  
  111  12:48  Medivac x2  
  117  12:57  Marine x4  
  121  13:00  Marauder  
  121  13:01  Siege Tank  
  121  13:04  SCV x3  
  129  13:08  Terran Infantry Armor Level 1  
  129  13:14  Marine  
  129  13:15  Marine x3  
  129  13:16  SCV x2, Engineering Bay  
  129  13:17  SCV, Armory, Medivac x2  
  129  13:18  Medivac  
  142  13:21  Marine  
  143  13:28  SCV  
  143  13:29  SCV x2  
  146  13:39  Marine  
  146  13:40  SCV  
  146  13:41  SCV x2, Missile Turret x3  
  150  13:42  Missile Turret  
  150  13:46  Armory  
  150  13:47  Medivac  
  152  13:52  SCV  
  152  13:53  SCV x2  
  153  13:57  Marauder x3, Marine  
  153  13:58  Marine x3  
  163  14:05  Sensor Tower  
  163  14:18  Marauder  
  163  14:19  Marauder x2  
  152  14:40  Marauder x3  
  158  14:46  Medivac x3  
  163  15:01  Marauder x2  
  163  15:02  Marauder  
  169  15:16  Medivac x3  
  169  15:22  Marauder  
  169  15:23  Marauder x2  
  164  15:32  Marine  
  164  15:33  Marine x7  
  170  15:44  Marauder x3  
  174  15:50  Marine  
  174  15:51  Marine x7  
  172  16:05  Marauder  
  172  16:06  Marauder x2  
  172  16:08  Marine  
  172  16:09  Marine x7  
  186  16:12  Command Center  
  186  16:26  Marauder, Marine x5  
  186  16:27  Marauder x2, Marine x3  
  186  16:32  Sensor Tower, Terran Vehicle Weapons Level 1  
  200  16:40  Terran Infantry Armor Level 2, Terran Infantry Weapons Level 2  
  200  17:17  Command Center  
  200  17:18  Orbital Command  
  200  17:24  Planetary Fortress  
Show
View Real Time Build Order
Export as new Build Order

qqq Zerg - Winner!

Build Orders: Hatch First 

Get SALT Encoding   

  12  0:16  Drone x2  
  14  0:43  Hatchery, Drone  
  14  0:59  Spawning Pool  
  13  1:06  Overlord  
  13  1:09  Drone  
  14  1:15  Extractor, Drone  
  14  1:30  Drone x2  
  16  1:51  Queen  
  18  1:54  Queen  
  18  1:56  Drone  
  18  1:59  Drone  
  22  2:04  Drone  
  22  2:07  Drone  
  24  2:20  Drone  
  24  2:21  Overlord  
  25  2:23  Zergling x2  
  25  2:28  Metabolic Boost  
  26  2:37  Drone  
  26  2:39  Zergling x2  
  26  2:40  Zergling x2  
  29  2:48  Zergling x2  
  29  2:49  Zergling x2  
  29  2:50  Zergling x2  
  32  2:55  Zergling x2, Baneling Nest  
  32  3:07  Zergling x6  
  32  3:08  Drone  
  36  3:23  Overlord x2  
  36  3:45  Baneling x5  
  36  3:46  Baneling  
  36  3:48  Zergling x4  
  38  3:49  Drone x3  
  41  4:02  Drone x2  
  43  4:03  Drone  
  43  4:04  Drone x3  
  44  4:33  Zergling x10  
  44  4:34  Zergling x2, Overlord  
  44  4:35  Zergling x2  
  46  4:49  Zergling x2  
  46  4:51  Drone  
  47  4:56  Drone  
  47  4:57  Zergling x6  
  51  5:02  Hatchery  
  50  5:11  Zergling x2  
  46  5:21  Hatchery  
  43  5:31  Zergling x4  
  43  5:32  Zergling x2  
  43  5:33  Zergling x6  
  46  5:38  Drone  
  46  5:40  Lair  
  47  5:51  Extractor  
  47  5:52  Drone  
  47  5:53  Drone x2  
  47  5:54  Drone  
  50  6:00  Zergling x2  
  48  6:31  Zergling x2  
  48  6:32  Drone, Zergling x6  
  52  6:33  Drone x4  
  52  6:34  Drone x2  
  58  6:43  Drone x2, Spire  
  58  6:44  Drone x3  
  62  6:51  Overseer  
  62  7:10  Spore Crawler  
  62  7:12  Spine Crawler x2  
  62  7:13  Extractor, Spore Crawler  
  62  7:14  Extractor  
  56  7:17  Drone x3  
  56  7:18  Drone x2  
  56  7:19  Drone x4  
  65  7:24  Spore Crawler  
  65  7:28  Spine Crawler, Overlord x3  
  65  7:29  Overlord x3  
  63  7:34  Drone  
  64  7:48  Hatchery  
  57  8:00  Queen  
  57  8:02  Drone x4  
  57  8:03  Mutalisk x5  
  57  8:04  Mutalisk x2  
  77  8:08  Overseer  
  77  8:18  Mutalisk  
  77  8:19  Overlord x3  
  79  8:20  Overlord  
  79  8:21  Drone x2  
  81  8:27  Spine Crawler  
  81  8:28  Drone  
  81  8:29  Spine Crawler  
  78  8:40  Mutalisk x2  
  81  8:42  Drone x3  
  81  8:44  Zerg Flyer Weapons Level 1  
  84  8:51  Spore Crawler  
  84  8:53  Spore Crawler  
  82  8:57  Mutalisk  
  82  9:00  Drone x4  
  86  9:13  Mutalisk  
  86  9:14  Mutalisk  
  86  9:15  Drone x3  
  86  9:16  Drone  
  94  9:38  Mutalisk x3  
  94  9:40  Drone x5  
  94  9:41  Drone x3  
  94  9:44  Spore Crawler  
  94  9:45  Spine Crawler  
  102  10:00  Hydralisk Den, Infestation Pit  
  102  10:04  Overlord  
  102  10:05  Overlord x2  
  102  10:06  Drone x3  
  102  10:07  Drone x4  
  105  10:09  Extractor  
  105  10:11  Extractor x2, Spore Crawler  
  105  10:12  Extractor  
  102  10:15  Spore Crawler  
  101  10:24  Hatchery  
  100  10:35  Hatchery  
  97  10:38  Mutalisk  
  97  10:39  Corruptor x3  
  98  10:50  Zergling x12  
  98  10:51  Mutalisk, Zergling x2  
  98  10:52  Drone x2  
  98  10:53  Drone x4  
  109  10:58  Drone  
  109  10:59  Spine Crawler  
  109  11:01  Spine Crawler  
  109  11:03  Spore Crawler  
  107  11:10  Hive  
  107  11:17  Lurker Den  
  93  11:27  Drone x5  
  93  11:28  Drone x3, Overlord x3  
  93  11:29  Corruptor  
  93  11:30  Corruptor  
  105  11:38  Drone  
  106  11:59  Pneumatized Carapace  
  106  12:00  Drone x2  
  108  12:05  Extractor  
  108  12:06  Drone x4, Extractor  
  108  12:07  Drone x7  
  108  12:20  Corruptor x4  
  108  12:21  Drone  
  108  12:22  Drone x6  
  123  12:26  Hydralisk x2  
  123  12:28  Hydralisk x3  
  133  12:43  Hydralisk x4  
  139  12:58  Mutalisk x2  
  135  12:59  Mutalisk x3  
  135  13:00  Drone x6, Overlord  
  135  13:01  Zergling x2, Overlord  
  152  13:22  Ultralisk Cavern, Muscular Augments  
  152  13:26  Seismic Spines  
  151  13:27  Evolution Chamber x2  
  149  13:38  Drone x3  
  152  13:42  Extractor  
  149  13:59  Mutalisk x7  
  139  14:11  Drone x2  
  139  14:15  Drone x5  
  143  14:20  Zergling x6  
  143  14:21  Zergling x10  
  142  14:27  Spine Crawler  
  142  14:28  Spine Crawler  
  142  14:29  Spine Crawler x2  
  142  14:30  Spine Crawler  
  134  14:34  Grooved Spines  
  126  14:53  Hatchery  
  126  14:58  Ultralisk x4  
  149  15:00  Zerg Ground Armor Level 1  
  149  15:02  Zerg Melee Weapons Level 1  
  149  15:05  Drone x2  
  149  15:06  Drone x8  
  149  15:07  Drone x2  
  161  15:09  Spine Crawler  
  161  15:10  Spore Crawler  
  161  15:11  Extractor, Spine Crawler  
  161  15:13  Spore Crawler  
  156  15:15  Spine Crawler x2  
  156  15:16  Extractor  
  153  15:21  Drone  
  153  15:22  Drone x3  
  153  15:28  Drone  
  158  15:30  Ultralisk x2  
  170  15:40  Lurker x2  
  168  15:43  Zergling x4  
  168  15:44  Zergling x8, Overlord x2  
  168  15:45  Drone x5  
  168  15:46  Drone x2  
  181  15:50  Anabolic Synthesis  
  181  15:56  Zerg Flyer Armor Level 1  
  181  16:04  Drone x5  
  182  16:05  Drone x3  
  189  16:23  Drone  
  189  16:24  Drone  
  191  16:27  Drone x5  
  191  16:28  Drone x2  
  198  16:33  Drone x2  
  111  17:53  Ultralisk x8  
  111  17:54  Ultralisk x4  
  111  17:55  Drone x4, Hydralisk x5  
  197  18:03  Mutalisk  
  199  18:49  Extractor  
Show
View Real Time Build Order
Export as new Build Order

LilleSkutt Terran 

Build Orders:  

Get SALT Encoding   

  12  0:00  SCV  
  13  0:12  SCV  
  14  0:17  Supply Depot  
  14  0:24  SCV  
  15  0:38  SCV  
  15  0:39  Barracks  
  16  0:45  Refinery  
  16  0:50  SCV  
  17  1:02  SCV  
  18  1:14  SCV  
  18  1:27  SCV  
  19  1:39  SCV  
  20  1:40  Reaper  
  21  1:48  Command Center  
  21  1:53  SCV  
  22  2:01  Supply Depot  
  22  2:02  Refinery  
  22  2:05  SCV  
  23  2:20  Factory  
  23  2:27  Orbital Command  
  23  2:38  Ghost Academy  
  23  3:18  SCV x2  
  24  3:23  Factory Tech Lab, Barracks  
  24  3:27  Barracks Tech Lab, Barracks  
  24  3:28  Personal Cloaking  
  24  3:30  SCV  
  25  3:35  Refinery  
  25  3:38  SCV  
  26  3:48  SCV  
  26  3:50  Supply Depot  
  26  3:53  SCV  
  28  3:56  Siege Tank  
  31  4:04  Ghost  
  31  4:08  SCV  
  31  4:09  SCV  
  34  4:20  SCV  
  34  4:23  Marine  
  34  4:24  Marine  
  35  5:00  Marine x3  
  34  5:11  SCV x2  
  36  5:18  Marine x2, Ghost  
  36  5:19  Stimpack  
  40  5:24  SCV x2, Engineering Bay  
  41  5:36  Marine x2  
  41  5:38  Supply Depot  
  41  5:39  SCV x2  
  45  5:49  Command Center  
  45  5:51  SCV  
  46  5:59  SCV, Marine x2  
  46  6:03  SCV  
  50  6:08  Nuke  
  50  6:09  Supply Depot  
  50  6:11  SCV  
  50  6:14  Refinery  
  50  6:15  SCV  
  52  6:31  Supply Depot  
  49  6:33  SCV  
  49  6:35  Orbital Command  
  50  6:45  SCV  
  51  6:50  Marine x3  
  54  6:57  SCV  
  55  7:06  SCV  
  55  7:08  Ghost, Marine x2  
  54  7:09  SCV, Supply Depot  
  54  7:12  Orbital Command, Supply Depot  
  54  7:15  Siege Tank  
  62  7:18  SCV  
  62  7:21  SCV  
  64  7:29  Supply Depot  
  64  7:30  SCV  
  64  7:31  Supply Depot  
  64  7:34  SCV  
  64  7:36  Ghost  
  68  7:45  Sensor Tower  
  68  8:01  SCV x3  
  71  8:08  Marine x3  
  71  8:11  Barracks  
  74  8:12  Barracks  
  74  8:13  Barracks  
  74  8:36  SCV x3  
  74  8:40  Siege Tank  
  80  8:42  Command Center  
  80  8:43  Terran Infantry Weapons Level 1  
  80  8:46  Barracks Tech Lab, Engineering Bay  
  80  8:47  Supply Depot, Combat Shield  
  80  8:56  SCV x3, Marine x2  
  80  9:02  Marine x2, Supply Depot  
  85  9:03  Marine  
  85  9:08  SCV x3  
  89  9:13  Ghost  
  89  9:14  Marine, Ghost  
  89  9:15  Nuke  
  94  9:19  Missile Turret  
  94  9:21  Missile Turret  
  94  10:10  Barracks, Marine x6  
  94  10:12  Command Center  
  100  10:16  Barracks  
  100  10:26  SCV x2  
  100  10:27  SCV, Marine  
  95  10:38  SCV  
  96  10:46  SCV x2  
  96  10:47  Marine x2  
  91  10:50  SCV  
  80  10:58  SCV x2  
  80  11:02  SCV  
  83  11:09  Marine x3  
  83  11:10  SCV x2, Marauder, Marine x2  
  92  11:12  Siege Tank  
  92  11:17  Nuke  
  91  11:27  SCV x3  
  91  11:29  Planetary Fortress  
  94  11:33  Marine x5  
  94  11:34  Marine x3  
  102  11:45  Siege Tank  
  103  11:54  Refinery  
  103  11:55  Refinery, Marine x5  
  103  12:00  Terran Infantry Armor Level 1  
  108  12:03  Ghost x2  
  108  12:05  Armory  
  112  12:17  Siege Tank  
  112  12:19  SCV x3  
  118  12:27  Marine x3  
  118  12:28  Marine x3  
  124  12:31  Marine  
  124  12:32  Marine  
  124  12:35  Missile Turret x2  
  126  12:37  Missile Turret  
  126  12:49  Siege Tank  
  125  12:53  Marine x4  
  129  13:41  SCV x2  
  131  13:42  Marine x3  
  131  13:43  Marauder x2  
  131  13:44  Barracks Tech Lab  
  131  13:45  Barracks Tech Lab x2  
  138  13:53  SCV  
  133  13:59  Marine  
  133  14:00  Marine x2  
  132  14:03  Barracks  
  132  14:04  Marine x2  
  132  14:07  Barracks  
  134  14:10  Barracks, Siege Tank  
  134  14:12  Terran Vehicle Weapons Level 1  
  134  14:13  Terran Infantry Weapons Level 2  
  134  14:14  Terran Infantry Armor Level 2  
  134  14:15  Marine x2  
  134  14:16  Marine  
  139  14:17  Marine x2  
  139  14:18  Marine  
  139  14:22  Marine x2  
  139  14:33  Marine  
  139  14:35  Marine x3  
  139  14:38  SCV x2  
  120  14:39  Marine x4  
  120  14:42  Siege Tank  
  120  14:50  SCV x2  
  120  14:51  Marine  
  117  14:53  Marine x3  
  117  14:57  Marine x4  
  124  15:08  Marine  
  124  15:09  Marine x3  
  124  15:11  Marine x3  
  131  15:14  Marine x2, Supply Depot  
  131  15:15  Marine x2  
  131  15:18  Supply Depot x2  
  132  15:26  Marine x2, Supply Depot  
  132  15:27  Marine x2, Supply Depot  
  133  15:29  Marine x3  
  133  15:32  Marine x2  
  133  15:33  Marine x2  
  119  15:44  Marine x4  
  119  15:46  Marine x2  
  119  15:47  Marine  
  126  15:50  Marine x2  
  126  15:51  Marine x2  
  130  16:02  Marine x4  
  134  16:04  Marine x2  
  134  16:05  Marine  
  134  16:08  Marine x3  
  134  16:09  Marine  
  141  16:12  SCV  
  141  16:13  SCV x2  
  144  16:19  Marine  
  144  16:20  Marine x3  
  144  16:24  SCV  
  149  16:46  Missile Turret  
  149  16:49  Missile Turret  
  149  16:50  Missile Turret x2  
  149  16:56  Marine x4  
  112  17:50  Marine  
  112  17:51  Marine x6  
  81  17:56  Refinery  
  81  17:57  Refinery  
  80  18:02  SCV, Barracks x2  
  80  18:03  SCV, Barracks x2  
  81  18:08  Marine x3  
  81  18:09  Marine x3  
  87  18:15  SCV  
  89  18:26  Marine x6  
  79  18:44  Marine x6  
Show
View Real Time Build Order
Export as new Build Order

Bamse Zerg 

Build Orders: 3 Hatch before Pool 

Get SALT Encoding   

  12  0:02  Drone  
  13  0:08  Drone  
  14  0:18  Overlord  
  14  0:37  Drone x3  
  17  0:57  Drone  
  17  1:03  Hatchery  
  17  1:15  Drone  
  17  1:16  Drone  
  19  1:27  Hatchery  
  18  1:41  Spawning Pool  
  18  1:43  Extractor  
  18  1:44  Drone  
  17  1:47  Drone  
  17  1:51  Drone  
  19  1:57  Drone  
  20  2:11  Overlord  
  20  2:15  Drone  
  21  2:21  Drone  
  22  2:29  Queen  
  22  2:30  Queen  
  22  2:32  Zergling x2  
  22  2:33  Zergling x2  
  28  2:40  Drone  
  31  2:52  Drone  
  31  2:56  Spine Crawler  
  28  3:19  Spine Crawler  
  27  3:25  Baneling Nest  
  25  3:29  Drone x3, Spine Crawler  
  25  3:34  Extractor  
  27  3:36  Lair  
  26  3:41  Drone x3  
  26  3:43  Drone  
  29  4:04  Overlord x3  
  29  4:26  Zergling x10  
  29  4:27  Zergling x2  
  29  4:45  Baneling x3  
  29  4:46  Baneling x7  
  29  4:49  Baneling  
  29  4:58  Drone x4  
  33  5:00  Spine Crawler  
  26  5:29  Zergling x10  
  26  5:30  Zergling x12  
  37  5:37  Spine Crawler  
  37  5:39  Queen  
  37  5:41  Metabolic Boost  
  38  5:46  Drone x2  
  40  5:55  Drone x2  
  42  6:05  Drone x2  
  44  6:14  Hatchery  
  44  6:15  Queen  
  45  6:36  Drone x6  
  45  6:38  Centrifical Hooks  
  51  6:43  Overlord x2  
  51  6:47  Overlord  
  51  6:58  Spire  
  50  7:01  Baneling  
  50  7:02  Baneling x2  
  50  7:03  Baneling  
  50  7:08  Extractor  
  49  7:11  Drone x4, Extractor  
  49  7:12  Drone  
  49  7:14  Drone  
  54  7:27  Baneling x3  
  54  7:28  Baneling x2  
  54  7:32  Drone x3  
  54  7:33  Drone x4  
  61  7:51  Evolution Chamber  
  54  7:52  Evolution Chamber  
  42  8:41  Drone x2  
  42  8:42  Drone x9  
  42  8:43  Drone x4  
  56  8:57  Zerg Flyer Weapons Level 1  
  56  9:04  Corruptor  
  56  9:05  Corruptor x3  
  56  9:07  Corruptor  
  66  9:14  Spore Crawler  
  65  9:22  Corruptor  
  65  9:23  Corruptor  
  68  10:16  Zergling x6  
  68  10:17  Zergling x18, Spore Crawler  
  68  10:18  Zergling x2  
  80  10:44  Infestation Pit, Overlord x5  
  80  10:45  Overlord x2  
  80  10:47  Zerg Melee Weapons Level 1  
  79  10:55  Hatchery, Spore Crawler  
  75  11:28  Baneling  
  75  11:29  Baneling x19  
  75  11:36  Drone x4  
  75  11:37  Drone x8  
  87  11:44  Zerg Flyer Weapons Level 2  
  64  12:37  Zergling x14  
  58  12:38  Zergling x16  
  71  12:49  Spore Crawler  
  70  12:52  Spore Crawler  
  70  12:53  Spore Crawler  
  68  12:59  Baneling x11  
  68  13:00  Baneling x7  
  63  13:17  Spore Crawler  
  63  13:19  Spore Crawler  
  61  13:37  Corruptor x3  
  61  13:38  Corruptor x6  
  61  13:39  Corruptor  
  66  14:12  Corruptor x3  
  66  14:13  Corruptor  
  73  14:27  Drone x4  
  73  14:28  Drone x6, Spore Crawler  
  82  14:31  Spore Crawler  
  69  14:55  Zergling x14  
  76  15:05  Lair  
  76  15:09  Infestation Pit  
  55  16:14  Drone x3  
  58  16:18  Hive  
  26  17:29  Corruptor  
  26  17:30  Corruptor x4  
  26  17:31  Corruptor  
  35  18:06  Zergling x12  
  35  18:07  Zergling x10  
Tags
 
Add a new tag
Caveats
  • Supply blocks, unpowered buildings, or Contaminate may cause inaccurate times.
  • Supply counts are checked every 10 seconds.